AoeStats
← 极地沙尘暴

Arabia

507742442Analyzed
1v1 RM · 12d ago on Sep 19, 2026· 33m 20s· 2 players
Game mode
Random Map
Map size
Tiny (2 player)
Population
200
Speed
Normal
Resources
Standard
Victory
Conquest
Starting age
Dark Age
Ending age
Imperial Age
RankedLock teamsTeams togetherTeam positionsShared explorationLock speedFull tech treeHidden civsTurbo modeCheats
Victory
Defeat
🇨🇳 Khitans · China
1426
+18
🇹🇷 Magyars · Türkiye
1460
-18
极地沙尘暴
6:52 Loom
10:03 Feudal Age
11:03 Double-Bit Axe
11:57 Domestication
17:02 Forging
19:18 Wheelbarrow
22:47 Castle Age
21:21 Scale Barding Armor
21:56 Gold Mining
24:31 Iron Casting
24:01 Husbandry
24:25 Pastoralism
24:52 Bow Saw
28:15 Chain Barding Armor
29:49 Hand Cart
30:34 Light Cavalry
31:27 Stone Mining
S3.KA
6:08 Loom
8:48 Feudal Age
9:21 Double-Bit Axe
10:02 Horse Collar
16:28 Gold Mining
19:44 Castle Age
22:09 Gold Shaft Mining
21:50 Bow Saw
22:11 Husbandry
23:11 Gold Shaft Mining
23:41 Heavy Plow
24:31 Ballistics
24:42 Fletching
25:26 Bodkin Arrow
25:46 Bloodlines
26:17 Scale Mail Armor
26:42 Pikeman
30:40 Heavy Plow
32:05 Stone Mining
Connection lost

Rejoining the realm…

Still unreachable

The connection could not be restored.

Session expired

The server has moved on; the page needs a fresh start.